 Dungeon Crawl Stone Soup version 0.22.1-57-g7394efd (webtiles) character file.

4644 Borgoz the Slicer (level 10, 31/62 (64) HPs)
             Began as a Kobold Berserker on Mar 27, 2019.
             Was a Believer of Trog.
             Quit the game on level 9 of the Dungeon.
             The game lasted 00:18:41 (9646 turns).

Borgoz the Slicer (Kobold Berserker)                Turns: 9646, Time: 00:18:41

HP:   31/62 (64)    AC: 10    Str: 19    XL:     10   Next: 70%
MP:   17/17         EV: 20    Int: 21    God:    Trog [**....]
Gold: 412           SH:  0    Dex: 17    Spells: 18/18 levels left

rFire    . . .     SeeInvis .   f - +1 short sword (vamp)
rCold    + . .     Gourm    .   (shield restricted)
rNeg     . . .     Faith    .   r - +2 robe of Intuition {rC+ MR- Str+4 Int+3}
rPois    .         Spirit   .   l - +0 helmet
rElec    .         Reflect  .   b - +0 cloak
rCorr    +         Harm     .   m - +0 pair of gloves
MR       .....                  A - +1 pair of boots "Afuwn" {Int+3}
Stlth    +++.......             x - amulet of the acrobat
HPRegen  0.20/turn              I - ring of resist corrosion
MPRegen  0.15/turn              e - +6 ring of intelligence

@: no status effects
A: small, carnivore
a: Berserk, Trog's Hand, Renounce Religion


You were on level 9 of the Dungeon.
You worshipped Trog.
Trog was pleased with you.
You were very full.

You visited 2 branches of the dungeon, and saw 10 of its levels.

You collected 412 gold pieces.

Inventory:

Hand Weapons
 a - a +0 short sword
 d - a +0 rapier
 f - a +1 vampiric short sword (weapon)
Missiles
 z - a throwing net (quivered)
Armour
 b - a +0 cloak (worn)
 l - a +0 helmet (worn)
 m - a +0 pair of gloves (worn)
 r - the +2 robe of Intuition (worn) {rC+ MR- Str+4 Int+3}
   (You found it on level 5 of the Dungeon)

   It affects your strength (+4).
   It affects your intelligence (+3).
   It protects you from cold.
   It affects your resistance to hostile enchantments.
 A - the +1 pair of boots "Afuwn" (worn) {Int+3}
   (You found it on level 7 of the Dungeon)

   It affects your intelligence (+3).
Jewellery
 e - a +6 ring of intelligence (right hand)
 t - an uncursed ring of fire
 u - an uncursed ring of magical power
 x - an amulet of the acrobat (around neck)
 F - an uncursed ring of ice
 I - a ring of resist corrosion (left hand)
Wands
 H - a wand of digging (18)
Scrolls
 g - 2 scrolls of magic mapping
 j - 3 scrolls of enchant weapon
 k - 4 scrolls of remove curse
 o - a scroll of silence
 p - 4 scrolls of teleportation
 q - a scroll of blinking
 s - 2 scrolls of fog {unknown}
 y - 2 scrolls of identify
 C - a scroll of immolation {unknown}
 D - a scroll of random uselessness {unknown}
 G - a scroll of holy word {unknown}
Potions
 h - 2 potions of heal wounds
 i - a potion of agility {unknown}
 n - 2 potions of resistance
 v - 3 potions of curing
 w - a potion of cancellation
 B - a potion of haste {unknown}
 E - 2 potions of flight
Comestibles
 c - 10 rations


   Skills:
 + Level 7.7 Fighting
 + Level 9.2 Short Blades
 - Level 5.0 Throwing
 + Level 5.5 Armour
 + Level 7.9 Dodging
 - Level 5.0 Stealth
 + Level 4.9 Spellcasting


You had 18 spell levels left.
You didn't know any spells.
Your spell library contained the following spells:

 Spells                   Type           Power        Failure   Level  Hunger
 Infusion                 Chrm           #...         11%         1    None
 Shroud of Golubria       Chrm/Tloc      #.........   17%         2    None
 Song of Slaying          Chrm           #.......     17%         2    None
 Regeneration             Chrm/Necr      #.........   32%         3    ##.....
 Spectral Weapon          Hex/Chrm       #.......     32%         3    ##.....


Dungeon Overview and Level Annotations

Branches:
Dungeon (9/15)             Temple (1/1) D:4
   Lair: D:8-11         Orc: D:9-12

Altars:
Ashenzari
Cheibriados
Dithmenos
Elyvilon
Fedhas
Gozag
Hepliaklqana
Kikubaaqudgha
Makhleb
Nemelex Xobeh
Okawaru
Qazlal
Ru
Sif Muna
Trog
Uskayaw
Vehumet
Wu Jian
Xom
Yredelemnul
Zin
The Shining One

Shops:
D:9 (


Innate Abilities, Weirdness & Mutations

You are small and have problems with some larger weapons.
You are carnivorous and can eat meat at any time.


Message History

You are too injured to fight recklessly!
You are too injured to fight recklessly!
You are too injured to fight recklessly!
You are too injured to fight recklessly!
You are too injured to fight recklessly!
You are too injured to fight recklessly!
You are too injured to fight recklessly!
You are too injured to fight recklessly!
You are too injured to fight recklessly!
You are too injured to fight recklessly!
You are too injured to fight recklessly!
You are too injured to fight recklessly!
You are too injured to fight recklessly!
You are too injured to fight recklessly!
You are too injured to fight recklessly!
You are too injured to fight recklessly!
You are too injured to fight recklessly!
You are too injured to fight recklessly!
Unknown command.
Are you sure you want to abandon this character and quit the game? (Confirm with "yes".)

..!..........#
#............#
#............#
#......!.....#
#.....?..(...#
#.....sZ.....# #.
#.....ooo....# #.
#@#### #. #....# #.
#######'## ######.
.........######......
.........#...........
.........#.####.....:
.........'.# #......
(........### #....<.
.........# #......


You could see an orc warrior, a scorpion, 2 orcs and a water moccasin skeleton.

Vanquished Creatures
  Pikel (D:8)
  2 hippogriffs
  A soldier ant (D:8)
  An orc warrior (D:8)
  4 slaves (D:8)
  A black bear (D:7)
  2 sky beasts
  3 ice beasts (D:5)
  2 phantoms
  4 ogres
  5 centaurs
  A necrophage (D:5)
  5 bullfrogs
  5 killer bees (D:8)
  4 scorpions
  2 howler monkeys
  4 crimson imps
  3 jellies
  3 orc priests (D:4)
  4 hounds
  2 centaur skeletons (D:4)
  5 orc wizards
  A bullfrog skeleton (D:8)
  4 iguanas
  11 worker ants
  A hound skeleton (D:7)
  A worker ant zombie (D:6)
  8 adders
  4 gnolls (D:8)
  2 shadow imps
  An ooze (D:4)
  An adder zombie (D:7)
  2 adder skeletons
  4 worms
  4 dart slugs
  9 leopard geckos
  13 orcs
  A ball python (D:2)
  6 bats
  7 giant cockroaches
  6 goblins
  7 hobgoblins
  7 jackals
  6 kobolds
  3 quokkas
  8 frilled lizards
  A jackal skeleton (D:4)
  A leopard gecko skeleton (D:7)
  A leopard gecko zombie (D:6)
  5 rats
  A butterfly (D:8)
190 creatures vanquished.

Notes
Turn   | Place    | Note
-------+----------+-------------------------------------------
     0 | D:1      | Borgoz the Kobold Berserker began the quest for the Orb.
     0 | D:1      | Reached XP level 1. HP: 14/14 MP: 1/1
   186 | D:1      | Reached XP level 2. HP: 19/19 MP: 2/2
   505 | D:1      | Reached skill level 1 in Stealth
   551 | D:1      | Reached XP level 3. HP: 14/23 MP: 3/3
  1072 | D:2      | Reached ** piety under Trog
  1133 | D:2      | Reached skill level 1 in Throwing
  1183 | D:2      | Reached XP level 4. HP: 12/29 MP: 4/4
  1787 | D:2      | Reached XP level 5. HP: 30/33 MP: 5/5
  2891 | D:4      | Reached XP level 6. HP: 17/38 MP: 6/6
  2902 | D:4      | Reached skill level 5 in Short Blades
  3186 | D:4      | Reached XP level 7. HP: 20/44 MP: 7/7
  3932 | D:4      | Reached *** piety under Trog
  4180 | D:4      | Found a staircase to the Ecumenical Temple.
  4189 | Temple   | Entered the Ecumenical Temple
  4418 | D:5      | Entered Level 5 of the Dungeon
  4527 | D:5      | Reached skill level 5 in Fighting
  4527 | D:5      | Reached skill level 6 in Short Blades
  4527 | D:5      | Reached XP level 8. HP: 11/49 MP: 8/8
  5010 | D:5      | Found a transporter.
  5042 | D:5      | Found a transporter.
  5090 | D:5      | Reached skill level 5 in Stealth
  5420 | D:5      | Reached skill level 5 in Dodging
  5813 | D:5      | Got an ominously black robe
  5819 | D:5      | Reached skill level 1 in Spellcasting
  6057 | D:6      | Reached XP level 9. HP: 53/53 MP: 11/11
  6223 | D:6      | Reached skill level 7 in Short Blades
  6588 | D:6      | Identified the +2 robe of Intuition {rC+ MR- Str+4 Int+3}
                  | (You found it on level 5 of the Dungeon)
  7250 | D:7      | Reached skill level 5 in Throwing
  7392 | D:7      | Got a pair of scorched boots
  7403 | D:7      | Identified the +1 pair of boots "Afuwn" {Int+3} (You found
                  | it on level 7 of the Dungeon)
  7523 | D:7      | Found an opulent altar of Gozag.
  7525 | D:7      | Found a sacrificial altar of Ru.
  7525 | D:7      | Found a shimmering altar of Xom.
  7526 | D:7      | Found a bloodstained altar of Trog.
  7526 | D:7      | Found a hazy altar of Hepliaklqana.
  7527 | D:7      | Found an iron altar of Okawaru.
  7527 | D:7      | Found a glowing golden altar of the Shining One.
  7702 | D:7      | Reached skill level 8 in Short Blades
  8163 | D:8      | Found a runed door.
  8169 | D:8      | Reached XP level 10. HP: 59/59 MP: 15/15
  8550 | D:8      | Reached skill level 5 in Armour
  8884 | D:8      | Noticed Pikel
  8973 | D:8      | Killed Pikel
  9135 | D:8      | Reached skill level 9 in Short Blades
  9267 | D:8      | Found a runed door.
  9563 | D:9      | Found Muino's Antique Weapon Boutique.
  9646 | D:9      | Quit the game

Skill      XL: |  1  2  3  4  5  6  7  8  9 10 |
---------------+-------------------------------+-----
Stealth        | 1 2 3 4 5 |  5.0
Throwing       | 1 2 3 4 5 |  5.0
Dodging        | 3 4 5 6 7 |  7.9
Armour         | 2 3 4 5 |  5.5
Fighting       | 4 5 6 7 |  7.7
Short Blades   | 5 6 8 9 |  9.2
Spellcasting   | 1 3 4 |  4.9

Action                   |  1- 3 |  4- 6 |  7- 9 | 10-12 || total
-------------------------+-------+-------+-------+-------++-------
Melee: Short sword       |   120 |   175 |   484 |   341 ||  1120
Invok: Berserk           |     1 |     2 |     6 |     3 ||    12
       Trog's Hand       |       |     1 |       |       ||     1
  Use: Potion            |       |     4 |     5 |       ||     9
       Scroll            |       |       |    11 |       ||    11
 Stab: Sleeping          |     4 |     3 |    18 |     7 ||    32
       Distracted        |       |       |     2 |     1 ||     3
       Invisible         |       |       |     1 |       ||     1
  Eat: Chunk             |    10 |     8 |    27 |     6 ||    51
Armor: Animal skin       |    12 |    22 |    32 |       ||    66
       Skin              |       |     5 |     1 |       ||     6
       Robe              |       |       |    38 |    60 ||    98
Dodge: Dodged            |    85 |   131 |   312 |   276 ||   804
